 Dungeon Sprint DCSS version 0.17-a0-777-g32247ce (webtiles) character file.

424 lorenzova the Grappler (level 6, -10/59 HPs)
             Began as a Troll Monk on Apr 25, 2015.
             Was a Believer of Qazlal.
             Shot with an arrow by a centaur warrior (25 damage)
             ... in the Dungeon (Sprint I: "Red Sonja").
             The game lasted 00:01:44 (292 turns).

lorenzova the Grappler (Troll Monk)                  Turns: 292, Time: 00:01:44

Health: -10/59     AC:  5    Str: 22    XL:     6   Next: 64%
Magic:  5/5        EV: 10    Int:  6    God:    Qazlal [**....]
Gold:   297        SH:  2    Dex: 12    Spells: 0 memorised, 5 levels left

rFire  . . .     SeeInvis .       - Unarmed
rCold  . . .     Clarity  .     a - +0 robe
rNeg   . . .     SustAb   .     (no shield)
rPois  .         Gourm    +     (helmet restricted)
rElec  .         Spirit   .     (no cloak)
rCorr  .         Warding  .     (gloves unavailable)
rMut   .         NoTele   +     (boots unavailable)
MR     .....                    (no amulet)
Stlth  +.........               (no ring)
                                (no ring)

@: not resistant to hostile enchantments, very unstealthy
A: unfitting armour, claws 3, fast metabolism 3, gourmand, regeneration 2,
shaggy fur 1, tough skin 2
a: Upheaval, Renounce Religion


You were in the Dungeon.
You worshipped Qazlal.
Qazlal was pleased with you.
You were completely stuffed.

You visited 1 branch You collected 297 gold pieces.

Inventory:

Armour
 a - a +0 robe (worn)
Scrolls
 h - a scroll of blinking
 j - a scroll of remove curse {unknown}
 k - a scroll of fear {unknown}
Potions
 c - a potion of curing
 d - a potion of heal wounds
 e - a potion of haste
 f - 2 potions of magic
 g - a potion of berserk rage
 i - a potion of ambrosia
Comestibles
 b - 2 bread rations
 l - 2 chunks of flesh


   Skills:
 - Level 2.4 Fighting
 - Level 2.4 Dodging
 - Level 1.1 Stealth
 + Level 14.2 Unarmed Combat


You had 5 spell levels left.
You didn't know any spells.

Dungeon Overview and Level Annotations

Branches:
Dungeon (1/1)

Altars:
Elyvilon
Gozag
Kikubaaqudgha
Makhleb
Nemelex Xobeh
Okawaru
Qazlal
Ru
Sif Muna
Trog
Vehumet
Xom
Yredelemnul
Zin
The Shining One

Shops:
D (

Annotations:
D Sonja


Innate Abilities, Weirdness & Mutations

You are too large for most types of armour.
You have claws for hands.
Your metabolism is lightning-fast.
You like to eat raw meat.
You heal very quickly.
You are covered in fur (AC +1).
You have very tough skin (AC +2).


Message History

The centaur warrior shouts!
The centaur warrior wields a shortbow.
The centaur warrior shoots an arrow.
The arrow hits you!
The centaur warrior wields a shortbow.
The centaur warrior shoots an arrow.
The arrow hits you!
There is an open door, spattered with blood here.
You see here 2 arrows.
Sonja opens the door.
Found 54 gold pieces.
There's something blocking the doorway.
Sonja casts a spell.
Sonja blinks!
The centaur warrior shoots an arrow.
The arrow hits you.
You see here an arrow.
There is an open door here.
The centaur warrior shoots an arrow.
The arrow hits you!!
* * * LOW HITPOINT WARNING * * *
You see here an arrow.
You close the door.
A centaur warrior opens the door.
The centaur warrior shoots an arrow.
The arrow hits you!!
You die...

################
#<.#..'..#.)'..#
#..').#.)'..#@(+
#..#####'#####'#
#..####..#...#c####§
#..#__####..##c#§§c§
#..#_..__##'#..§§§§§
#⌠⌠#_.∩...÷..._#§§§§
####_..._##_.#'##+##
#_____###'#[#
####### #.###


You could see 2 centaur warriors.

Vanquished Creatures
  Sigmund (D)
  A yak (D)
  An ogre (D)
  A jelly (D)
  Ijyb (D)
5 creatures vanquished.

Notes
Turn   | Place    | Note
--------------------------------------------------------------
     0 | D        | lorenzova, the Troll Monk, began the quest for the Orb.
     0 | D        | Reached XP level 1. HP: 22/22 MP: 0/0
     1 | D        | Noticed Ijyb
    11 | D        | Killed Ijyb
    11 | D        | Reached skill level 7 in Unarmed Combat
    11 | D        | Reached XP level 2. HP: 29/29 MP: 1/1
    32 | D        | Noticed an ogre
    40 | D        | Killed an ogre
    40 | D        | Reached skill level 9 in Unarmed Combat
    40 | D        | Reached XP level 3. HP: 12/36 MP: 2/2
    40 | D        | Reached XP level 4. HP: 14/44 MP: 3/3
   121 | D        | Noticed Sigmund
   130 | D        | Killed Sigmund
   130 | D        | Reached skill level 12 in Unarmed Combat
   130 | D        | Reached XP level 5. HP: 22/50 MP: 4/4
   191 | D        | Found a deep blue altar of Sif Muna.
   192 | D        | Noticed a jelly
   193 | D        | Found a radiant altar of Vehumet.
   197 | D        | Killed a jelly
   197 | D        | Reached XP level 6. HP: 41/59 MP: 5/5
   238 | D        | Found Wufoecut's Antique Weapon Emporium.
   238 | D        | Found a white marble altar of Elyvilon.
   238 | D        | Found a stormy altar of Qazlal.
   238 | D        | Found a burning altar of Makhleb.
   238 | D        | Found a sacrificial altar of Ru.
   238 | D        | Found a basalt altar of Yredelemnul.
   238 | D        | Found a glowing golden altar of the Shining One.
   238 | D        | Found a sparkling altar of Nemelex Xobeh.
   238 | D        | Found a shimmering altar of Xom.
   238 | D        | Found an opulent altar of Gozag.
   238 | D        | Found an ancient bone altar of Kikubaaqudgha.
   238 | D        | Found a glowing silver altar of Zin.
   238 | D        | Noticed a yak
   240 | D        | Killed a yak
   240 | D        | Reached skill level 14 in Unarmed Combat
   241 | D        | Found an iron altar of Okawaru.
   242 | D        | Found a bloodstained altar of Trog.
   254 | D        | Became a worshipper of Qazlal Stormbringer
   254 | D        | Acquired Qazlal's first power
   254 | D        | Acquired Qazlal's second power
   286 | D        | Noticed a centaur warrior
   286 | D        | Noticed a centaur warrior
   288 | D        | Noticed Sonja
   292 | D        | Shot with an arrow by a centaur warrior

Action                   |  1- 3 |  4- 6 || total
-------------------------+-------+-------++-------
Melee: Unarmed           |    15 |    11 ||    26
  Use: Potion            |     1 |       ||     1
 Stab: Sleeping          |     1 |       ||     1
  Eat: Chunk             |     2 |     6 ||     8
